 Dungeon Crawl Stone Soup version 0.30-a0-322-g102857c98e (webtiles) character file.

Game seed: 2745264611935223238

10899 McGhostyFace the Basher (level 11, -3/129 HPs)
             Began as a Gnoll Wanderer on Oct 28, 2022.
             Was an Initiate of Gozag.
             Slain by an ice beast (4 damage)
             ... on level 10 of the Dungeon.
             The game lasted 00:33:46 (12491 turns).

McGhostyFace the Basher (Gnoll Wanderer)           Turns: 12491, Time: 00:33:47

Health: -3/129     AC: 11    Str: 16    XL:     11   Next: 69%
Magic:  18/23      EV: 13    Int: 21    God:    Gozag
Gold:   1017       SH:  5    Dex:  8    Spells: 19/27 levels left

rFire   + . .      SeeInvis .    a - +2 flail
rCold   + . .      Faith    .    (no shield)
rNeg    . . .      Spirit   .    c - +0 leather armour
rPois   +          Reflect  +    y - +0 helmet
rElec   +          Harm     .    (no cloak)
rCorr   +          Rampage  .    m - +0 pair of gloves
Will    .....                    r - +0 pair of boots
Stlth   ..........               q - amulet of reflection
HPRegen 0.41/turn                d - +6 ring of intelligence
MPRegen 0.18/turn                u - +4 ring of protection

@: mighty, berserking (expiring), resistant, gold aura, slowed
A: fangs 1, strong nose, distributed training
a: Renounce Religion, Potion Petition, Call Merchant, Bribe Branch


You were on level 10 of the Dungeon.
You worshipped Gozag.
Gozag was most pleased with you.
You visited 1 branch of the dungeon, and saw 10 of its levels.

You collected 1751 gold pieces.
You paid 734 gold pieces to Gozag.

Inventory:

Hand Weapons
 a - a +2 flail (weapon)
 D - a +1 shortbow of draining
Missiles
 g - 6 poisoned darts (quivered)
Armour
 c - a +0 leather armour (worn)
 m - a +0 pair of gloves (worn)
 r - a +0 pair of boots (worn)
 y - a +0 helmet (worn)
Jewellery
 d - a +6 ring of intelligence (left hand)
 p - a ring of protection from cold
 q - an amulet of reflection (around neck)
 u - a +4 ring of protection (right hand)
 H - a ring of positive energy
 J - an amulet of magic regeneration
 P - a ring of protection from cold
Wands
 G - a wand of iceblast (11)
 R - a wand of polymorph (7)
Scrolls
 b - 3 scrolls of vulnerability
 j - 6 scrolls of enchant weapon
 k - 6 scrolls of identify
 l - a scroll of acquirement {unknown}
 o - a scroll of summoning {unknown}
 s - a scroll of amnesia {unknown}
 t - 3 scrolls of blinking
 x - a scroll of magic mapping {unknown}
 z - a scroll of fear {unknown}
 B - 2 scrolls of noise {unknown}
 E - 2 scrolls of teleportation {unknown}
 F - a scroll of brand weapon {unknown}
 I - a scroll of enchant armour {unknown}
 K - a scroll of fog
Potions
 e - 2 potions of resistance {unknown}
 f - a potion of lignification {unknown}
 h - 5 potions of haste {unknown}
 i - 5 potions of heal wounds
 v - 2 potions of might {unknown}
 w - a potion of magic {unknown}
 A - a potion of ambrosia {unknown}
 C - a potion of berserk rage {unknown}
 L - a potion of curing {unknown}
 M - a potion of flight {unknown}
 N - a potion of invisibility {unknown}
 O - a potion of mutation {unknown}
Miscellaneous
 Q - a tin of tremorstones (1/2)


   Skills:
 + Level 8.3 Fighting
 + Level 6.8 Short Blades
 + Level 6.8 Long Blades
 + Level 6.8 Axes
 + Level 9.5 Maces & Flails
 + Level 6.8 Polearms
 + Level 6.8 Staves
 + Level 6.8 Ranged Weapons
 + Level 6.8 Throwing
 + Level 6.8 Armour
 + Level 6.8 Dodging
 + Level 6.8 Stealth
 + Level 6.8 Shields
 + Level 6.8 Unarmed Combat
 + Level 8.5 Spellcasting
 + Level 5.6 Conjurations
 + Level 5.6 Hexes
 + Level 7.9 Summonings
 + Level 5.6 Necromancy
 + Level 5.6 Translocations
 + Level 5.6 Transmutations
 + Level 5.6 Fire Magic
 + Level 5.6 Ice Magic
 + Level 5.6 Air Magic
 + Level 5.6 Earth Magic
 + Level 5.6 Poison Magic
 + Level 7.4 Invocations
 + Level 6.8 Evocations


You had 19 spell levels left.
You knew the following spells:

 Your Spells              Type           Power      Damage    Failure   Level
a - Summon Small Mammal   Summ           100%       N/A       1%          1
b - Call Canine Familiar  Summ           42%        N/A       1%          3
c - Petrify               Tmut/Erth      32%        N/A       9%          4

Your spell library contained the following spells:

 Spells                   Type           Power      Damage    Failure   Level
 Cigotuvi's Dreadful Rot  Necr/Pois/Air  64%        N/A       1%          2
 Dispel Undead            Necr           32%        3d14      9%          4
 Metabolic Englaciation   Hex/Ice        16%        N/A       24%         5
 Death Channel            Necr           16%        N/A       80%         6
 Statue Form              Tmut/Erth      21%        N/A       80%         6


Dungeon Overview and Level Annotations

Branches:
Dungeon (10/15)            Temple (0/1) D:7
   Lair: D:8-11         Orc: D:9-12

Altars:
Cheibriados
Gozag
Hepliaklqana
Kikubaaqudgha
Makhleb
Nemelex Xobeh
Qazlal
Ru
Sif Muna
Trog
Uskayaw
Wu Jian
Xom
Zin
The Shining One

Shops:
D:5 (   D:9 ?


Innate Abilities, Weirdness & Mutations

You have very sharp teeth.
Your uncanny sense of smell can sniff out nearby items.
Your experience applies equally to all skills.


Message History

Your hound bites the ice beast but does no damage.
You closely miss liarliar's ghost.
Liarliar's ghost is almost destroyed.
Your hound bites the ice beast but does no damage.
Liarliar's ghost hits you!
* * * LOW HITPOINT WARNING * * *
The ice beast hits you.
* * * LOW HITPOINT WARNING * * *
The ice beast freezes you. You resist.
* * * LOW HITPOINT WARNING * * *
The ice beast misses you.
You hit liarliar's ghost. Your punch misses liarliar's ghost.
Liarliar's ghost is almost destroyed.
Your hound bites the ice beast but does no damage.
Liarliar's ghost gestures at you while chanting.
You feel as though you will be slow longer.
The ice beast hits you but does no damage.
The ice beast barely misses you.
You thump liarliar's ghost!
You destroy liarliar's ghost!
Your hound bites the ice beast.
Your hound barely misses the ice beast.
The ice beast hits you but does no damage.
You block the ice beast's attack.
Unknown command.
You sock the ice beast!
The ice beast is severely wounded.
Your hound bites the ice beast.
You block the ice beast's attack.
The ice beast hits you but does no damage.
You barely miss the ice beast.
You bite the ice beast, but do no damage.
The ice beast is severely wounded.
Your hound bites the ice beast but does no damage.
Your hound closely misses the ice beast.
The ice beast hits you.
* * * LOW HITPOINT WARNING * * *
The ice beast freezes you. You resist.
* * * LOW HITPOINT WARNING * * *
The ice beast hits you.
You die...
Your body crumbles into a pile of gold.

###...5. #......'......#...#...'.
Y.##### ##.#....#......#...#...#.
..§...###..#....####'###...#...##
.....................).....#.....
.......#########...........#.....
.....###.......#...........#.....
.....#.........#.h.........##....
....##.........#$Y..........#....
....#.....[....+@Y..........#....
....#...............#####'#.#....
....#.......≈≈≈≈≈≈≈.......#.##'##
....#######)).............#.....#
...........)≈.≈≈≈.≈.......#.....#
........###)≈.....≈.......#.....#
........#.#.≈.._..≈.#######.....#
....#####.#.≈.....≈.............#
###.#.....#.≈.≈≈≈.≈......####...#


You could see 2 ice beasts and a friendly hound (summoned).

Vanquished Creatures
  The ghost of liarliar the Blocker, a journeyman DrWn of Wu Jian (D:10)
  A two-headed ogre (D:10)
  A kobold demonologist (D:10)
  A shadow (D:8)
  A vampire (D:10)
  5 yaks
  Grum (D:10)
  Menkaure (D:6)
  A steam dragon (D:8)
  An acid dragon (D:9)
  2 water moccasins
  3 orc warriors
  2 ice beasts (D:10)
  A wolf (D:10)
  A centaur (D:10)
  2 phantoms
  A kobold brigand (D:9)
  2 bullfrogs
  A gnoll sergeant (D:10)
  A necrophage (D:4)
  5 scorpions
  6 killer bees (D:9)
  3 hounds
  2 orc priests
  2 jellies
  A gnoll bouda (D:6)
  6 iguanas
  2 orc wizards (D:10)
  A centaur simulacrum (D:10)
  8 adders
  3 gnolls
  4 white imps
  4 ufetubi
  2 dart slugs
  8 orcs
  4 ball pythons
  5 endoplasms (D:1)
  3 giant cockroaches
  8 goblins
  4 hobgoblins
  3 jackals (D:1)
  8 kobolds
  2 quokkas
  3 bats
  2 frilled lizards
  A rat (D:2)
130 creatures vanquished.

Vanquished Creatures (collateral kills)
  2 two-headed ogres
  A gargoyle (D:10)
  Psyche (D:8)
  A hornet (D:9)
  9 yaks
  A wraith (D:10)
  2 wyverns
  An acid dragon (D:9)
  An orc warrior (D:8)
  A black bear (D:5)
  An ice beast (D:7)
  2 ogres
  A wolf (D:10)
  2 centaurs (D:7)
  A kobold brigand (D:8)
  2 bullfrogs (D:7)
  A necrophage (D:7)
  3 scorpions
  6 howler monkeys
  A hound (D:4)
  5 orc wizards
  7 gnolls
  An adder (D:6)
  A white imp (D:5)
  A dart slug (D:4)
  11 orcs
  3 goblins (D:4)
  3 kobolds
  A ball python (D:4)
73 creatures vanquished.

Grand Total: 203 creatures vanquished

Notes
Turn   | Place    | Note
-------+----------+-------------------------------------------
     0 | D:1      | McGhostyFace the Gnoll Wanderer began the quest for the
                  | Orb.
     0 | D:1      | McGhostyFace set off with the following items: a +1 flail,
                  | a scroll of vulnerability, a +0 leather armour; and the
                  | following spell memorised: Summon Small Mammal; and the
                  | following spells available to memorise: Call Canine
                  | Familiar.
     0 | D:1      | Reached XP level 1. HP: 20/20 MP: 6/6
   362 | D:1      | Reached XP level 2. HP: 26/26 MP: 7/7
   689 | D:1      | Reached skill level 5 in Spellcasting
   689 | D:1      | Reached XP level 3. HP: 15/31 MP: 7/9
   777 | D:1      | Reached skill level 1 in Invocations
  1108 | D:1      | Learned a level 3 spell: Call Canine Familiar
  1469 | D:2      | Reached skill level 1 in Short Blades
  1469 | D:2      | Reached skill level 1 in Long Blades
  1469 | D:2      | Reached skill level 1 in Axes
  1469 | D:2      | Reached skill level 1 in Polearms
  1469 | D:2      | Reached skill level 1 in Staves
  1469 | D:2      | Reached skill level 1 in Ranged Weapons
  1469 | D:2      | Reached skill level 1 in Throwing
  1469 | D:2      | Reached skill level 1 in Armour
  1469 | D:2      | Reached skill level 1 in Dodging
  1469 | D:2      | Reached skill level 1 in Stealth
  1469 | D:2      | Reached skill level 1 in Shields
  1469 | D:2      | Reached skill level 1 in Unarmed Combat
  1469 | D:2      | Reached skill level 1 in Evocations
  1497 | D:2      | Reached XP level 4. HP: 38/38 MP: 11/11
  2665 | D:3      | Reached skill level 1 in Conjurations
  2665 | D:3      | Reached skill level 1 in Hexes
  2665 | D:3      | Reached skill level 1 in Necromancy
  2665 | D:3      | Reached skill level 1 in Translocations
  2665 | D:3      | Reached skill level 1 in Transmutations
  2665 | D:3      | Reached skill level 1 in Fire Magic
  2665 | D:3      | Reached skill level 1 in Ice Magic
  2665 | D:3      | Reached skill level 1 in Air Magic
  2665 | D:3      | Reached skill level 1 in Earth Magic
  2665 | D:3      | Reached skill level 1 in Poison Magic
  3163 | D:4      | Reached XP level 5. HP: 20/43 MP: 12/12
  3274 | D:4      | Noticed an ogre
  3293 | D:4      | Killed an ogre
  3294 | D:4      | Reached XP level 6. HP: 44/50 MP: 11/14
  3368 | D:4      | Reached skill level 5 in Fighting
  3693 | D:4      | Found an opulent altar of Gozag.
  3693 | D:4      | Found a sparkling altar of Nemelex Xobeh.
  3702 | D:4      | Became a worshipper of Gozag Ym Sagoz the Greedy
  3781 | D:4      | Reached skill level 7 in Maces & Flails
  3781 | D:4      | Reached XP level 7. HP: 53/56 MP: 15/15
  3911 | D:5      | Entered Level 5 of the Dungeon
  4135 | D:5      | Found Hudup's Weapon Shop.
  4405 | D:5      | Reached XP level 8. HP: 32/63 MP: 16/16
  5071 | D:5      | Found a glowing silver altar of Zin.
  5319 | D:5      | Found a stormy altar of Qazlal.
  5320 | D:5      | Found a burning altar of Makhleb.
  5326 | D:5      | Found a hide-covered altar of Uskayaw.
  5328 | D:5      | Found a bloodstained altar of Trog.
  5329 | D:5      | Found a shimmering blue altar of Sif Muna.
  5331 | D:5      | Found a glowing golden altar of the Shining One.
  5335 | D:5      | Found a shimmering altar of Xom.
  5596 | D:6      | Noticed Menkaure
  5604 | D:6      | Killed Menkaure
  6076 | D:6      | Reached XP level 9. HP: 41/69 MP: 13/18
  6376 | D:7      | Found a staircase to the Ecumenical Temple.
  6869 | D:7      | Reached skill level 8 in Maces & Flails
  6871 | D:7      | Reached skill level 5 in Invocations
  7489 | D:7      | Found a faded altar of an unknown god.
  7489 | D:7      | Found a snail-covered altar of Cheibriados.
  7499 | D:7      | Found an ancient bone altar of Kikubaaqudgha.
  7501 | D:7      | Found a hazy altar of Hepliaklqana.
  7509 | D:7      | Found an ornate altar of the Wu Jian Council.
  7667 | D:8      | Reached skill level 5 in Short Blades
  7667 | D:8      | Reached skill level 5 in Long Blades
  7667 | D:8      | Reached skill level 5 in Axes
  7667 | D:8      | Reached skill level 5 in Polearms
  7667 | D:8      | Reached skill level 5 in Staves
  7667 | D:8      | Reached skill level 5 in Ranged Weapons
  7667 | D:8      | Reached skill level 5 in Throwing
  7667 | D:8      | Reached skill level 5 in Armour
  7667 | D:8      | Reached skill level 5 in Dodging
  7667 | D:8      | Reached skill level 5 in Stealth
  7667 | D:8      | Reached skill level 5 in Shields
  7667 | D:8      | Reached skill level 5 in Unarmed Combat
  7667 | D:8      | Reached skill level 5 in Evocations
  7667 | D:8      | Reached XP level 10. HP: 48/77 MP: 15/20
  8043 | D:8      | Noticed Psyche
  8064 | D:8      | Killed Psyche
  8626 | D:9      | Noticed a two-headed ogre
  8663 | D:9      | Killed a two-headed ogre
  8845 | D:9      | Noticed a two-headed ogre
  9482 | D:8      | Killed a two-headed ogre
  9824 | D:9      | Reached skill level 9 in Maces & Flails
  9841 | D:9      | Reached skill level 5 in Conjurations
  9841 | D:9      | Reached skill level 5 in Hexes
  9841 | D:9      | Reached skill level 5 in Necromancy
  9841 | D:9      | Reached skill level 5 in Translocations
  9841 | D:9      | Reached skill level 5 in Transmutations
  9841 | D:9      | Reached skill level 5 in Fire Magic
  9841 | D:9      | Reached skill level 5 in Ice Magic
  9841 | D:9      | Reached skill level 5 in Air Magic
  9841 | D:9      | Reached skill level 5 in Earth Magic
  9841 | D:9      | Reached skill level 5 in Poison Magic
  9841 | D:9      | Reached XP level 11. HP: 59/85 MP: 12/22
  9922 | D:9      | Learned a level 4 spell: Petrify
 10077 | D:9      | Found Xeckoto's Magic Scroll Boutique.
 10525 | D:10     | Entered Level 10 of the Dungeon
 10650 | D:10     | Noticed liarliar's ghost (journeyman DrWn)
 11164 | D:10     | Noticed a two-headed ogre
 11192 | D:10     | Killed a two-headed ogre
 11300 | D:10     | Noticed Grum
 11319 | D:10     | Killed Grum
 11439 | D:10     | Found a sacrificial altar of Ru.
 12122 | D:10     | Found a runed translucent gate.
 12122 | D:10     | Found a runed translucent gate.
 12122 | D:10     | Found a runed translucent gate.
 12487 | D:10     | HP: 6/129 [ice beast (6)]
 12489 | D:10     | Killed liarliar's ghost
 12491 | D:10     | HP: 1/129 [ice beast (4)]
 12491 | D:10     | Slain by an ice beast

Illustrated notes

Levels and vault maps discovered:
D:1:      roderic_dead_forest, layout_basic, kennysheep_nondescript
D:2:      layout_basic
D:3:      layout_loops_cross
D:4:      layout_basic, grunt_temple_overflow_opulence, minmay_ogre_servants
D:5:      wad_river_or_something, layout_basic, zin_scriptorium,
          nicolae_overflow_hallway_of_the_gods, serial_shops, shop
D:6:      layout_basic, uniq_menkaure
D:7:      layout_loops_ring, chequers_temple_overflow_minitemple,
          minmay_temple_entry_wispy
D:8:      layout_basic, uniq_psyche
D:9:      layout_basic, serial_shops, shop
D:10:     layout_irregular_city, mainiacjoe_overflow_cross_hatched,
          gammafunk_ghost_icy, uniq_grum

Skill      XL: |  1  2  3  4  5  6  7  8  9 10 11 |
---------------+----------------------------------+-----
Spellcasting   | 5 6 7 8 |  8.5
Invocations    | 1 2 3 4 5 6 7 |  7.4
Short Blades   | 1 2 3 5 6 |  6.8
Long Blades    | 1 2 3 5 6 |  6.8
Axes           | 1 2 3 5 6 |  6.8
Polearms       | 1 2 3 5 6 |  6.8
Staves         | 1 2 3 5 6 |  6.8
Ranged Weapons | 1 2 3 5 6 |  6.8
Throwing       | 1 2 3 5 6 |  6.8
Armour         | 1 2 3 5 6 |  6.8
Dodging        | 1 2 3 5 6 |  6.8
Stealth        | 1 2 3 5 6 |  6.8
Shields        | 1 2 3 5 6 |  6.8
Unarmed Combat | 1 2 3 5 6 |  6.8
Evocations     | 1 2 3 5 6 |  6.8
Conjurations   | 1 2 3 4 5 |  5.6
Hexes          | 1 2 3 4 5 |  5.6
Necromancy     | 1 2 3 4 5 |  5.6
Translocations | 1 2 3 4 5 |  5.6
Transmutations | 1 2 3 4 5 |  5.6
Fire Magic     | 1 2 3 4 5 |  5.6
Ice Magic      | 1 2 3 4 5 |  5.6
Air Magic      | 1 2 3 4 5 |  5.6
Earth Magic    | 1 2 3 4 5 |  5.6
Poison Magic   | 1 2 3 4 5 |  5.6
Fighting       | 5 6 7 8 |  8.3
Maces & Flails | 7 8 9 |  9.5
Summonings     | 6 7 |  7.9

Action                   |  1- 3 |  4- 6 |  7- 9 | 10-12 || total
-------------------------+-------+-------+-------+-------++-------
Melee: Flail             |    58 |    91 |   255 |   166 ||   570
       Bite              |       |     6 |    25 |    21 ||    52
       Punch             |       |     1 |     6 |    11 ||    18
Throw: Dart              |       |       |       |     9 ||     9
 Cast: Summon Small Mamm |     5 |    22 |    41 |    67 ||   135
       Call Canine Famil |       |     1 |    31 |    56 ||    88
       Petrify           |       |       |       |     6 ||     6
Invok: Potion Petition   |       |       |       |     1 ||     1
Evoke: Wand              |       |       |       |    24 ||    24
       Tin of tremorston |       |       |       |     1 ||     1
  Use: Scroll            |       |       |       |     6 ||     6
       Potion            |       |       |       |     1 ||     1
 Stab: Sleeping          |       |     1 |     5 |       ||     6
       Distracted        |       |       |     3 |     4 ||     7
       Petrified         |       |       |       |    10 ||    10
Armor: Leather armour    |    22 |    19 |   100 |    59 ||   200
Dodge: Dodged            |    39 |    35 |   135 |   112 ||   321
Block: Other             |       |    15 |    58 |    58 ||   131
       Reflection        |       |       |     1 |       ||     1

Table legend: (Time is in decaauts)
 A = Elapsed time spent in this place.
 B = Non-inter-level travel time spent in this place.
 C = Inter-level travel time spent in this place.
 D = Time resting spent in this place.
 E = Time spent auto-exploring this place.
 F = Levels seen in this place.
 G = Mean time per level.
                   A        B        C        D        E       F      G
               +--------+--------+--------+--------+--------+-----+--------+
         Total |  12522 |  12123 |    399 |   2109 |   7246 |  10 | 1252.2 |
       Dungeon |  12522 |  12123 |    399 |   2109 |   7246 |  10 | 1252.2 |
               +--------+--------+--------+--------+--------+-----+--------+

Top non-repeatable levels by time:
    D:10: 1978 daAuts
     D:8: 1610 daAuts
     D:5: 1486 daAuts
     D:9: 1353 daAuts
     D:7: 1261 daAuts
     D:1: 1113 daAuts
     D:2: 1077 daAuts
     D:4: 1027 daAuts
     D:6: 912 daAuts
     D:3: 701 daAuts
